Get step-by-step instructions on how to execute this build order below. Start the game timer, and the build order will tick by so you can play in parallel with StarCraft on a second screen or mobile device.

Game Time

  0:00

Last Step

  N/A

Next Step

Upcoming Step



Don't want to look back and forth between 2 screens? Try out our Overwolf App, the Spawning Tool Build Advisor to get an in-game overlay with this build!

Complete Build Order

  12  0:00  Probe  
  13  0:12  Probe  
  14  0:16  Pylon  
  14  0:24  Probe (Chrono Boost)  
  15  0:36  Gateway, Probe (Chrono Boost)  
  16  0:44  Probe (Chrono Boost)  
  16  0:45  Assimilator  
  17  0:51  Probe  
  17  0:54  Assimilator  
  18  1:03  Probe (Chrono Boost)  
  19  1:08  Gateway  
  19  1:13  Probe (Chrono Boost)  
  19  1:17  Probe (Chrono Boost)  
  20  1:24  Cybernetics Core  
  21  1:29  Probe  
  22  1:34  Pylon  
  22  1:41  Probe  
  23  1:53  Probe  
  24  2:00  Stalker x2  
  28  2:02  Warp Gate  
  28  2:14  Pylon  
  28  2:29  Pylon  
  28  2:30  Sentry  
  28  2:32  Sentry  
  32  2:45  Nexus  
  32  2:47  Probe  
  33  2:56  Twilight Council  
  33  3:02  Shield Battery  
  33  3:05  Probe, Phoenix  
  34  3:11  Sentry  
  36  3:15  Pylon  
  36  3:18  Probe (Chrono Boost)  
  37  3:26  Blink (Chrono Boost)  
  37  3:29  Probe (Chrono Boost)  
  37  3:34  Probe (Chrono Boost)  
  39  3:44  Probe  
  40  3:48  Phoenix  
  40  3:51  Adept x2  
  44  3:56  Probe  
  44  3:58  Probe  
  46  4:08  Probe  
  47  4:10  Probe  
  47  4:11  Stalker  
  47  4:12  Stalker  
  52  4:20  Probe, Phoenix  
  52  4:22  Probe  
  54  4:32  Probe  
  54  4:34  Probe  
  54  4:35  Pylon  
  54  4:36  Stalker  
  54  4:37  Stalker  
  56  4:45  Probe  
  57  4:46  Probe  
  58  4:52  Nexus  
  58  4:56  Shield Battery  
  58  5:03  Stalker x2  
  58  5:06  Probe x2  
  64  5:10  Assimilator  
  64  5:14  Forge  
  64  5:18  Pylon  
  64  5:21  Probe x2  
  66  5:23  Phoenix  
  66  5:27  Stalker x2  
  70  5:35  Protoss Ground Weapons Level 1 (Chrono Boost), Pylon  
  70  5:36  Probe x2  
  70  5:39  Robotics Facility  
  72  5:48  Probe x2 (Chrono Boost)  
  74  5:59  Probe x2 (Chrono Boost)  
  74  6:00  Gateway  
  74  6:01  Gateway  
  76  6:04  Probe (Chrono Boost)  
  76  6:05  Charge  
  76  6:07  Probe x2 (Chrono Boost)  
  76  6:09  Phoenix  
  79  6:14  Probe (Chrono Boost)  
  79  6:17  Probe x2 (Chrono Boost)  
  79  6:18  Gateway  
  82  6:19  Probe (Chrono Boost)  
  82  6:21  Gateway  
  82  6:24  Gateway  
  83  6:28  Observer, Gateway  
  83  6:32  Probe  
  85  6:37  Phoenix  
  85  6:40  Pylon  
  85  6:41  Nexus  
  85  6:51  Pylon  
  85  6:52  Warp Prism (Chrono Boost)  
  87  6:57  Zealot x3  
  93  7:06  Zealot  
  96  7:08  Pylon, Probe x3  
  96  7:15  Phoenix  
  98  7:16  Pylon  
  98  7:19  Zealot x6  
  110  7:24  Protoss Ground Weapons Level 2 (Chrono Boost)  
  110  7:25  Stalker  
  110  7:28  Stalker  
  114  7:34  Pylon  
  114  7:43  Zealot  
  114  7:44  Zealot x3  
  120  7:50  Zealot x3  
  128  7:52  Probe x2  
  130  7:59  Zealot  
  130  8:01  Pylon  
  132  8:10  Zealot x7  
  146  8:13  Pylon  
  146  8:21  Zealot  
  146  8:23  Pylon  
  146  8:25  Probe x3  
  151  8:33  Pylon  
  151  8:35  Stalker x6  
  163  8:46  Probe  
  162  8:48  Zealot x2  
  162  8:53  Nexus  
  150  8:59  Zealot x5  
  138  9:07  Zealot  
  124  9:15  Zealot x2  
  120  9:19  Gateway  
  120  9:21  Gateway  
  120  9:22  Zealot x5  
  120  9:34  Zealot  
  119  9:45  Zealot x6  
  123  9:53  Pylon  
  123  9:59  Probe x4  
  126  10:04  Observer (Chrono Boost)  
  127  10:09  Stalker x8  
  143  10:16  Zealot x2